 Dungeon Crawl Stone Soup version 0.30.0-20-g3615ddf2f0 (webtiles) character file.

Game seed: 5292243444941215636

2125 qw the Cleaver (level 9, -3/49 HPs)
             Began as a Gargoyle Fighter on May 31, 2023.
             Slain by a gnoll
             ... wielding a +0 halberd
             ... led by a gnoll bouda
              (8 damage)
             ... on level 6 of the Dungeon.
             The game lasted 00:03:09 (5475 turns).

qw the Cleaver (Gargoyle Fighter)                   Turns: 5475, Time: 00:03:10

Health: -3/49      AC: 15    Str: 31    XL:     9   Next: 29%
Magic:  9/9        EV: 10    Int:  8    God:
Gold:   50         SH:  8    Dex:  5    Spells: 8/8 levels left

rFire   . . .        Y - +0 war axe (flame)
rCold   + . .        i - +0 kite shield
rNeg    + . .        j - +2 ring mail {rC+}
rPois   inf          (no helmet)
rElec   +            (no cloak)
rCorr   .            l - +0 pair of gloves
SInv    +            (no boots)
Will    .....        (no amulet) Stlth
                     h - +6 ring of strength
HPRegen 0.28/turn    (no ring)
MPRegen 0.11/turn

%: no passive effects
@: no status effects
A: sickness immunity, AC +6, negative energy resistance 1, electricity
resistance, torment resistance 1, petrification resistance, see invisible,
clumsy 2, frail 1
a: no special abilities


You were on level 6 of the Dungeon.
You visited 1 branch of the dungeon, and saw 6 of its levels.
You also visited: Sewer.

You collected 423 gold pieces.
You spent 373 gold pieces at shops.


Innate Abilities, Weirdness & Mutations

You are immune to sickness and miasma.
Your stone body is resilient. (AC +6)
You are immune to poison.
You resist negative energy. (rN+)
You are resistant to electric shocks. (rElec)
You are resistant to unholy torment.
You are immune to petrification.
You have supernaturally acute eyesight. (SInv)
You are very clumsy. (Dex -4)
You are frail. (-10% HP)


   Skills:
 - Level 6.2 Fighting
 - Level 8.2 Axes
 - Level 3.2 Armour
 - Level 1.3 Dodging
 + Level 7.7 Shields


You had 8 spell levels left.
You didn't know any spells.
Your spell library was empty.

Inventory:

Hand Weapons
 Y - a +0 war axe of flaming (weapon)
Armour
 c - a +2 robe of fire resistance
 i - a +0 kite shield (worn)
 j - a +2 ring mail of cold resistance (worn)
 l - a +0 pair of gloves (worn)
Jewellery
 h - a +6 ring of strength (left hand)
Scrolls
 a - a scroll of identify
 k - a scroll of magic mapping {unknown}
 n - 2 scrolls of teleportation
Potions
 b - 3 potions of lignification
 d - 5 potions of might
 e - a potion of resistance
 f - a potion of attraction
 g - 7 potions of curing
 m - 2 potions of haste

Dungeon Overview and Level Annotations

Branches:
Dungeon (6/15)              Sewer (visited)
 Temple: D:4-7

Altars:
Dithmenos
Fedhas
Makhleb
Uskayaw
Xom
Zin

Shops:
D:4 [   D:5 !

Annotations:
D:5 2 transporters, qw's ghost, novice GrFi


Message History

The gnoll hits you from afar with a +0 spear.
The gnoll barely misses you. You block the gnoll's attack.
The gnoll hits you from afar with a +0 spear!
You slice the orc priest!! You burn the orc priest.
You kill the orc priest!
You slash the gnoll! You burn the gnoll.
You kill the gnoll!
You barely miss the gnoll bouda.
The gnoll bouda gazes fiercely through you!
You feel your attacks grow feeble. You block the gnoll bouda's attack.
The gnoll hits you but does no damage. x3
The gnoll bouda barely misses you. The gnoll barely misses you.
You hit the gnoll bouda but do no damage.
The gnoll bouda is moderately wounded.
The gnoll closely misses you.
The gnoll hits you from afar with a +0 spear.
The gnoll bouda hits you but does no damage.
You block the gnoll's attack. The gnoll barely misses you.
You completely miss the gnoll bouda.
The gnoll bouda is moderately wounded.
The gnoll closely misses you. You block the gnoll's attack.
The gnoll closely misses you. The gnoll hits you but does no damage.
You slash the gnoll bouda! You burn the gnoll bouda.
The gnoll bouda is severely wounded.
Your attacks no longer feel as feeble.
The gnoll is no longer moving quickly.
The gnoll bouda barks out a call to the hunt!
The gnoll picks up the pace!
The gnoll closely misses you. The gnoll barely misses you.
The gnoll hits you from afar with a +0 spear.
You slash the gnoll bouda! You burn the gnoll bouda.
You kill the gnoll bouda!
You barely miss the orc. You block the orc's attack.
You block the gnoll's attack. x2
The gnoll hits you from afar with a +0 spear.
You closely miss the orc. You barely miss the orc.
The orc hits you with a +0 hand axe. You block the orc's attack.
The gnoll hits you from afar with a +0 spear!
The gnoll hits you from afar with a +0 halberd!
You die...

#.........
#...............
....##....
##............... ...##
###. #................
..## .
##................ .##
..# #.................
.##
....###..............(..
..#
..!.....................
..####..
........................
).......
..##..)@)...............
).......
##.)oo...............
)####...
#ggg................ ##
.. #....................
# ..
...................... #
#..
..................#....
## #...
........................
.# #....
........................
.##.....
................


You could see 3 gnolls and 2 orcs.

Vanquished Creatures
  A steam dragon (D:6)
  2 water moccasins
  2 ice beasts
  2 ogres
  A centaur (D:6)
  A phantom (D:5)
  3 kobold brigands (Sewer)
  A bullfrog (D:6)
  2 scorpions
  4 wights (D:6)
  4 crimson imps (D:4)
  2 orc priests
  2 gnoll boudas (D:6)
  2 hounds (D:6)
  A sleepcap (D:5)
  2 iguanas
  An orc wizard (D:5)
  6 gnolls (D:6)
  6 adders
  An ufetubus (D:5)
  3 worms
  A dart slug (D:3)
  18 orcs
  7 bats
  5 endoplasms
  9 giant cockroaches
  6 goblins
  6 hobgoblins
  3 jackals (D:1)
  3 quokkas
  8 ball pythons
  12 frilled lizards
  23 kobolds
  13 rats
163 creatures vanquished.

Notes
Turn   | Place    | Note
-------+----------+-------------------------------------------
     0 | D:1      | qw the Gargoyle Fighter began the quest for the Orb.
     0 | D:1      | Reached XP level 1. HP: 14/14 MP: 1/1
     0 | D:1      | 0 ||| qw: Version: 0.2-a-102-gfc559e5
     0 | D:1      | 0 ||| qw: Game counter: 508
     0 | D:1      | 0 ||| qw: Always use a shield: true
     0 | D:1      | 0 ||| qw: God list: Okawaru
     0 | D:1      | 0 ||| qw: Allow faded altars: false
     0 | D:1      | 0 ||| qw: Do Orc after D:15 true
     0 | D:1      | 0 ||| qw: Do second Lair branch before Depths: true
     0 | D:1      | 0 ||| qw: Lair rune preference: random
     0 | D:1      | 0 ||| qw: Plans: Normal, Zot:1-4, Slime:5, God:TSO, Crypt,
                  | Tomb, Pan, Hells, Abyss, Win
     0 | D:1      | 0 ||| PLANNING D:1-11
    53 | D:1      | 53 ||| Stepping ~*~*~tactically~*~*~ (stealth).
    77 | D:1      | Reached skill level 2 in Axes
    85 | D:1      | HP: 1/14 [frozen (5)]
   331 | D:1      | Reached XP level 2. HP: 19/19 MP: 2/2
   683 | D:1      | Reached skill level 3 in Axes
   704 | D:1      | 704 ||| Stepping ~*~*~tactically~*~*~ (stealth).
   712 | D:1      | Reached XP level 3. HP: 21/23 MP: 3/3
  1098 | D:1      | 1098 ||| UPGRADING to +6 ring of strength.
  1099 | D:1      | 1099 ||| READING 2 scrolls labelled RUATHU LIFFOSHA.
  1100 | D:1      | 1100 ||| READING scroll labelled QEV ZULISHRI.
  1101 | D:1      | 1101 ||| READING scroll labelled DUEPSITEUZ.
  1148 | D:2      | Found a glowing silver altar of Zin.
  1295 | D:2      | 1295 ||| Stepping ~*~*~tactically~*~*~ (stealth).
  1296 | D:2      | 1296 ||| Stepping ~*~*~tactically~*~*~ (stealth).
  1376 | D:2      | 1376 ||| Stepping ~*~*~tactically~*~*~ (stealth).
  1378 | D:2      | 1378 ||| Stepping ~*~*~tactically~*~*~ (stealth).
  1615 | D:2      | 1615 ||| UPGRADING to +0 kite shield.
  1625 | D:2      | 1625 ||| DROPPING +0 buckler.
  1626 | D:2      | 1626 ||| READING scroll labelled WANOYT LICIVAA.
  1727 | D:2      | 1727 ||| READING scroll labelled MOUPNU YCEUR.
  1732 | D:2      | 1732 ||| READING scroll labelled VAEVUTT GENA.
  1770 | D:3      | 1770 ||| Stepping ~*~*~tactically~*~*~ (stealth).
  1771 | D:3      | 1771 ||| Stepping ~*~*~tactically~*~*~ (stealth).
  1773 | D:3      | 1773 ||| DROPPING +0 mace.
  1781 | D:3      | Reached XP level 4. HP: 25/28 MP: 4/4
  1823 | D:3      | Found a shadowy altar of Dithmenos.
  1855 | D:3      | 1855 ||| Stepping ~*~*~tactically~*~*~ (stealth).
  1909 | D:3      | 1909 ||| Stepping ~*~*~tactically~*~*~ (hiding).
  2174 | D:3      | Noticed a scorpion
  2181 | D:3      | Killed a scorpion
  2182 | D:3      | Reached skill level 4 in Axes
  2182 | D:3      | Reached XP level 5. HP: 30/32 MP: 5/5
  2278 | D:3      | Found a blossoming altar of Fedhas.
  2374 | D:3      | 2374 ||| UPGRADING to +2 ring mail of cold resistance.
  2384 | D:3      | 2384 ||| DROPPING +0 scale mail.
  2385 | D:3      | 2385 ||| UPGRADING to +0 pair of gloves.
  2393 | D:3      | 2393 ||| READING scroll labelled OTAPON KIMEHE.
  2403 | D:3      | 2403 ||| READING scroll labelled JUQOVI BE ZEL.
  2404 | D:3      | 2404 ||| DROPPING +0 flail.
  2405 | D:3      | 2405 ||| DRINKING 2 smoky white potions.
  2406 | D:3      | 2406 ||| READING 2 scrolls of identify.
  2406 | D:3      | 2406 ||| IDENTIFYING green potion
  2516 | D:4      | Noticed an ogre
  2521 | D:4      | HP: 4/32 [ogre/+0 giant club (21)]
  2522 | D:4      | Killed an ogre
  2523 | D:4      | Reached XP level 6. HP: 5/37 MP: 6/6
  2523 | D:4      | 2523 ||| FLEEEEING.
  2524 | D:4      | 2524 ||| FLEEEEING.
  2526 | D:4      | 2526 ||| FLEEEEING.
  2528 | D:4      | 2528 ||| FLEEEEING.
  2529 | D:4      | 2529 ||| FLEEEEING.
  2530 | D:4      | 2530 ||| FLEEEEING.
  2531 | D:4      | 2531 ||| FLEEEEING.
  2533 | D:4      | 2533 ||| FLEEEEING.
  2534 | D:4      | 2534 ||| FLEEEEING.
  2535 | D:4      | 2535 ||| FLEEEEING.
  2536 | D:4      | 2536 ||| FLEEEEING.
  2537 | D:4      | 2537 ||| FLEEEEING.
  2538 | D:4      | 2538 ||| FLEEEEING.
  2539 | D:4      | 2539 ||| FLEEEEING.
  2540 | D:4      | 2540 ||| FLEEEEING.
  2541 | D:4      | 2541 ||| FLEEEEING.
  2543 | D:4      | 2543 ||| FLEEEEING.
  2544 | D:4      | 2544 ||| FLEEEEING.
  2545 | D:4      | 2545 ||| FLEEEEING.
  2546 | D:4      | 2546 ||| FLEEEEING.
  2547 | D:4      | 2547 ||| FLEEEEING.
  2548 | D:4      | 2548 ||| FLEEEEING.
  2549 | D:4      | 2549 ||| FLEEEEING.
  2550 | D:4      | 2550 ||| FLEEEEING.
  2551 | D:4      | 2551 ||| FLEEEEING.
  2552 | D:4      | 2552 ||| FLEEEEING.
  2553 | D:4      | 2553 ||| FLEEEEING.
  2554 | D:4      | 2554 ||| FLEEEEING.
  2555 | D:4      | 2555 ||| FLEEEEING.
  2556 | D:4      | 2556 ||| FLEEEEING.
  2557 | D:4      | 2557 ||| FLEEEEING.
  2558 | D:4      | 2558 ||| FLEEEEING.
  2559 | D:4      | 2559 ||| FLEEEEING.
  2560 | D:4      | 2560 ||| FLEEEEING.
  2561 | D:4      | 2561 ||| FLEEEEING.
  2562 | D:4      | 2562 ||| FLEEEEING.
  2563 | D:4      | 2563 ||| FLEEEEING.
  2564 | D:4      | 2564 ||| FLEEEEING.
  2565 | D:4      | 2565 ||| FLEEEEING.
  2566 | D:4      | 2566 ||| FLEEEEING.
  2567 | D:4      | 2567 ||| FLEEEEING.
  2568 | D:4      | 2568 ||| FLEEEEING.
  2569 | D:4      | 2569 ||| FLEEEEING.
  2570 | D:4      | 2570 ||| FLEEEEING.
  2571 | D:4      | 2571 ||| FLEEEEING.
  2572 | D:4      | 2572 ||| FLEEEEING.
  2573 | D:4      | 2573 ||| FLEEEEING.
  2574 | D:4      | 2574 ||| FLEEEEING.
  2575 | D:4      | 2575 ||| FLEEEEING.
  2576 | D:4      | 2576 ||| FLEEEEING.
  2610 | D:4      | 2610 ||| FLEEEEING.
  2616 | D:4      | 2616 ||| FLEEEEING.
  2617 | D:4      | 2617 ||| FLEEEEING.
  2618 | D:4      | 2618 ||| STAIRDANCE
  2643 | D:3      | 2643 ||| READING 3 scrolls of identify.
  2643 | D:3      | 2643 ||| IDENTIFYING metallic inky potion
  2644 | D:3      | 2644 ||| READING 2 scrolls of identify.
  2644 | D:3      | 2644 ||| IDENTIFYING golden potion
  2645 | D:3      | 2645 ||| DROPPING potion of degeneration.
  2656 | D:4      | 2656 ||| Stepping ~*~*~tactically~*~*~ (stealth).
  2657 | D:4      | 2657 ||| Stepping ~*~*~tactically~*~*~ (stealth).
  2702 | D:4      | Found Miofothroale's Armour Shop.
  2702 | D:4      | Noticed an animated crystal plate armour
  2704 | D:4      | Noticed an animated crystal plate armour
  2707 | D:4      | 2707 ||| DRINKING 2 emerald potions.
  2707 | D:4      | Gained mutation: You are frail. (-10% HP) [potion of
                  | mutation]
  2707 | D:4      | Gained mutation: You are partially covered in iridescent
                  | scales. (AC +2) [potion of mutation]
  2708 | D:4      | 2708 ||| DRINKING potion of mutation.
  2708 | D:4      | Lost mutation: You are frail. (-10% HP) [potion of
                  | mutation]
  2708 | D:4      | Lost mutation: You are partially covered in iridescent
                  | scales. (AC +2) [potion of mutation]
  2708 | D:4      | Gained mutation: You are partially covered in iridescent
                  | scales. (AC +2) [potion of mutation]
  2708 | D:4      | Gained mutation: You have hidden genetic defects. [potion
                  | of mutation]
  2730 | D:4      | Gained mutation: You are vulnerable to heat. (rF-) [hidden
                  | defects]
  2738 | D:4      | 2738 ||| BUYING +2 robe of fire resistance (177 gold).
  2738 | D:4      | Bought a +2 robe of fire resistance for 177 gold pieces
  2765 | D:4      | 2765 ||| Stepping ~*~*~tactically~*~*~ (stealth).
  2767 | D:4      | 2767 ||| Stepping ~*~*~tactically~*~*~ (stealth).
  2791 | D:4      | Reached skill level 5 in Axes
  2811 | D:4      | Noticed a +0 dagger
  2812 | D:4      | Found a hide-covered altar of Uskayaw.
  2812 | D:4      | Noticed a +0 dagger
  2815 | D:4      | 2815 ||| DRINKING 2 viscous blue potions.
  2829 | D:4      | HP: 7/37 [iguana (11)]
  2830 | D:4      | 2830 ||| DRINKING potion of heal wounds.
  2939 | D:4      | Found a shimmering altar of Xom.
  2942 | D:4      | Reached skill level 1 in Dodging
  2949 | D:4      | Reached XP level 7. HP: 43/43 MP: 7/7
  2950 | D:4      | Gained mutation: You occasionally lose the ability to drink
                  | potions when taking damage. [hidden defects]
  2950 | D:4      | Lost mutation: You have hidden genetic defects. [hidden
                  | defects expressed]
  3068 | D:4      | 3068 ||| Stepping ~*~*~tactically~*~*~ (stealth).
  3230 | D:4      | 3230 ||| DRINKING potion of mutation.
  3230 | D:4      | Lost mutation: You are partially covered in iridescent
                  | scales. (AC +2) [potion of mutation]
  3230 | D:4      | Lost mutation: You are vulnerable to heat. (rF-) [potion of
                  | mutation]
  3230 | D:4      | Gained mutation: You are clumsy. (Dex -2) [potion of
                  | mutation]
  3230 | D:4      | Gained mutation: You are frail. (-10% HP) [potion of
                  | mutation]
  3230 | D:4      | Gained mutation: You are very clumsy. (Dex -4) [potion of
                  | mutation]
  3230 | D:4      | Gained mutation: You are strong-willed. (Will+) [potion of
                  | mutation]
  3247 | D:4      | 3247 ||| READING 2 scrolls of identify.
  3247 | D:4      | 3247 ||| IDENTIFYING pink potion
  3248 | D:4      | 3248 ||| DROPPING potion of brilliance.
  3267 | D:5      | Entered Level 5 of the Dungeon
  3268 | D:5      | 3268 ||| PLANNING SEWER
  3277 | D:5      | 3277 ||| Stepping ~*~*~tactically~*~*~ (stealth).
  3282 | D:5      | 3282 ||| Stepping ~*~*~tactically~*~*~ (hiding).
  3438 | D:5      | Found a glowing drain.
  3453 | Sewer    | Entered a sewer
  3621 | Sewer    | 3621 ||| Stepping ~*~*~tactically~*~*~ (water).
  3710 | Sewer    | Reached skill level 6 in Axes
  3712 | Sewer    | Reached skill level 6 in Shields
  3734 | Sewer    | 3734 ||| DRINKING potion of mutation.
  3734 | Sewer    | Lost mutation: You occasionally lose the ability to drink
                  | potions when taking damage. [potion of mutation]
  3734 | Sewer    | Lost mutation: You are strong-willed. (Will+) [potion of
                  | mutation]
  3734 | Sewer    | Gained mutation: You have supernaturally acute eyesight.
                  | (SInv) [potion of mutation]
  3752 | Sewer    | 3752 ||| READING scroll labelled NIEHANLE FAFOF.
  3753 | Sewer    | 3753 ||| DRINKING 2 inky potions.
  3754 | Sewer    | 3754 ||| DRINKING 3 sapphire potions.
  3755 | Sewer    | 3755 ||| READING 2 scrolls of identify.
  3755 | Sewer    | 3755 ||| IDENTIFYING dark potion
  3756 | Sewer    | 3756 ||| DROPPING potion of invisibility.
  3771 | D:5      | 3771 ||| PLANNING D:1-11
  3931 | D:5      | Found Idemuik's Distillery.
  3950 | D:5      | 3950 ||| BUYING 2 potions of curing (84 gold).
  3950 | D:5      | Bought 2 potions of curing for 84 gold pieces
  3950 | D:5      | 3950 ||| BUYING 2 potions of might (112 gold).
  3950 | D:5      | Bought 2 potions of might for 112 gold pieces
  3950 | D:5      | 3950 ||| SHOPLISTING potion of attraction (42 gold, have
                  | 0).
  3950 | D:5      | 3950 ||| SHOPLISTING potion of curing (42 gold, have 0).
  3950 | D:5      | 3950 ||| SHOPLISTING potion of haste (140 gold, have 0).
  3950 | D:5      | 3950 ||| SHOPLISTING potion of might (56 gold, have 0).
  3950 | D:5      | 3950 ||| SHOPLISTING potion of mutation (112 gold, have 0).
  3965 | D:5      | Found a transporter.
  3977 | D:5      | Noticed qw's ghost (novice GrFi)
  4065 | D:5      | Reached XP level 8. HP: 43/43 MP: 8/8
  4275 | D:5      | Reached skill level 7 in Axes
  4383 | D:5      | Found a transporter.
  4428 | D:5      | Found a burning altar of Makhleb.
  4470 | D:6      | 4470 ||| STAIRDANCE
  4599 | D:6      | 4599 ||| Stepping ~*~*~tactically~*~*~ (hiding).
  4610 | D:6      | Reached XP level 9. HP: 48/48 MP: 9/9
  4832 | D:6      | Reached skill level 8 in Axes
  4911 | D:6      | 4911 ||| Stepping ~*~*~tactically~*~*~ (stealth).
  5227 | D:6      | 5227 ||| Stepping ~*~*~tactically~*~*~ (hiding).
  5235 | D:6      | Reached skill level 6 in Fighting
  5475 | D:6      | HP: 12/49 [orc/+0 hand axe (4)]
  5475 | D:6      | HP: 5/49 [gnoll/+0 spear[a gnoll bouda] (7)]
  5475 | D:6      | Slain by a gnoll

Levels and vault maps discovered:
D:1:      lemuel_arrival_muddy, layout_loops_corners, minmay_split_cup_small
D:2:      layout_rooms, basic_altar
D:3:      layout_rooms, general_overflow_altar, overflow_temple_1_default
D:4:      layout_loops_ring, dancing_weapons_uskayaw, led_xom_imps,
          serial_shops, nicolae_shop_mannequins, minmay_lizard_king
D:5:      layout_loops_ring, mainiacjoe_overflow_alcove_4,
          gammafunk_ghost_mausoleum, cheibrodos_sewer_entry_sluice,
          serial_shops, nicolae_shop_statue_plus
D:6:      layout_layer_cave

Skill      XL: |  1  2  3  4  5  6  7  8  9 |
---------------+----------------------------+-----
Axes           | 2 3 4 5 6 7 8 |  8.2
Shields        | 4 5 6 7 |  7.7
Dodging        | 1 |  1.3
Fighting       | 4 5 6 |  6.2
Armour         | |  3.2

Action                     |  1- 3 |  4- 6 |  7- 9 || total
---------------------------+-------+-------+-------++-------
  Melee: War axe           |    95 |   105 |   298 ||   498
    Use: Scroll            |     6 |     5 |     3 ||    14
         Potion            |       |     5 |     4 ||     9
 Armour: Scale mail        |    33 |    20 |       ||    53
         Ring mail         |       |    21 |   180 ||   201
  Dodge: Dodged            |    29 |    41 |   137 ||   207
  Block: Buckler           |    18 |       |       ||    18
         Kite shield       |     6 |    38 |   148 ||   192

Table legend:
 A = Non-vault XP
 B = Vault XP
 C = Vault XP percentage of total XP
 D = Non-vault monster count
 E = Vault monster count
 F = Vault count percentage of total count
                 A         B        C        D         E       F
            +---------+---------+-------+---------+---------+-------
      Total |    2449 |     587 |  19.3 |     112 |      51 |  31.3
            +---------+---------+-------+---------+---------+-------
        D:1 |      40 |       4 |   9.1 |      24 |       3 |  11.1
        D:2 |      23 |       0 |   0.0 |      10 |       0 |   0.0
        D:3 |     142 |       0 |   0.0 |      18 |       0 |   0.0
        D:4 |     242 |     240 |  49.8 |      15 |      14 |  48.3
        D:5 |     721 |      10 |   1.4 |      20 |       2 |   9.1
        D:6 |    1281 |       0 |   0.0 |      25 |       0 |   0.0
      Sewer |       0 |     333 | 100.0 |       0 |      32 | 100.0
            +---------+---------+-------+---------+---------+-------
